 Dungeon Crawl Stone Soup version 0.26.1-11-gd32895ea62 (webtiles) character file.

Game seed: 3218791120150631500

7 phalm the Conjurer (level 1, -2/14 HPs)
             Began as a Demonspawn Conjurer on June 23, 2021.
             Slain by a jackal (3 damage)
             ... on level 1 of the Dungeon.
             The game lasted 00:00:34 (176 turns).

phalm the Conjurer (Demonspawn Conjurer)             Turns: 176, Time: 00:00:35

Health: -2/14      AC:  2    Str:  7    XL:     1   Next: 83%
Magic:  1/3        EV: 12    Int: 19    God:
Gold:   6          SH:  0    Dex: 11    Spells: 3/4 levels left

rFire    . . .     SeeInvis .   h - +0 short sword
rCold    . . .     Faith    .   (no shield)
rNeg     . . .     Spirit   .   a - +0 robe
rPois    .         Reflect  .   (no helmet)
rElec    .         Harm     .   (no cloak)
rCorr    .         Rampage  .   (no gloves)
Will     .....                  (no boots)
Stlth    ++........             (no amulet)
HPRegen  0.04/turn              (no ring)
MPRegen  0.08/turn              (no ring)

@: no status effects
A: no striking features
a: no special abilities


You were on level 1 of the Dungeon.
You visited 1 branch of the dungeon, and saw 1 of its levels.

You collected 6 gold pieces.


   Skills:
 + Level 0.5 Fighting
 - Level 1.7 Dodging
 - Level 1.7 Stealth
 + Level 2.1 Spellcasting
 * Level 4.2 Conjurations


You had 3 spell levels left.
You knew the following spells:

 Your Spells              Type           Power        Failure   Level
m - Magic Dart            Conj           68%          3%          1

Your spell library contained the following spells:

 Spells                   Type           Power        Failure   Level
 Searing Ray              Conj           34%          4%          2
 Dazzling Flash           Conj/Hex       20%          22%         3
 Fulminant Prism          Conj/Hex       5%           56%         4
 Iskenderun's Mystic Bla  Conj/Tloc      10%          56%         4

Inventory:

Hand Weapons
 h - a +0 short sword (weapon)
   (You took it off a kobold on level 1 of the Dungeon)
Missiles
 d - 23 sling bullets
Armour
 a - a +0 robe (worn)
Scrolls
 b - a scroll of blinking {unknown}
 e - a scroll of identify {unknown}
 g - a scroll of amnesia {unknown}
Potions
 c - a potion of resistance {unknown}
 f - a potion of attraction {unknown}

Dungeon Overview and Level Annotations

Branches:
Dungeon (1/15)

Altars:

######### ........# ...(.
......#.# .). #####.#.#
... . #.#.# ... .. #.#.#
#+#.# ##.. #.#.# #@#.#...
# #####.#.# #h#.#.##.##
...##.#.# #.#.!).....
...'..#.########†#h#....##
...####........†.#......#
....###########.........#
....... #.##.#...##
....### #.#.##.#.#....
....# ####.#....#+#....


You could see a jackal.


Message History

The magic dart hits the kobold.
You kill the kobold! 😎 MP[-1]
You lost 1 mp, and now have 2/3 mp.
Casting: Magic Dart (safe; 3% risk of failure)
Confirm with . or Enter, or press ? or * to list all spells.
You can't see any susceptible monsters within range! (Use Z to cast anyway.)
Casting: Magic Dart (safe; 3% risk of failure)
Confirm with . or Enter, or press ? or * to list all spells.
You can't see any susceptible monsters within range! (Use Z to cast anyway.)
Things that are here:
a +0 short sword; a kobold corpse; 😎 MP[+1]
Your mp is fully restored (3).
h - a +0 short sword
h - a +0 short sword (weapon)
A kobold comes into view. It is wielding a +0 short sword.
Unknown command.
Casting: Magic Dart (safe; 3% risk of failure)
Confirm with . or Enter, or press ? or * to list all spells.
Aiming: Magic Dart (safe; 3% risk of failure)
Press: ? - help, Shift-Dir - straight line, f - kobold
Aim: a kobold, wielding a +0 short sword (asleep, 0% to evade)
The magic dart hits the kobold.
The kobold shouts!
You hear a bark! x2
A jackal comes into view. x2 😎 MP[-1]
You lost 1 mp, and now have 2/3 mp.
Casting: Magic Dart (safe; 3% risk of failure)
Confirm with . or Enter, or press ? or * to list all spells.
Aiming: Magic Dart (safe; 3% risk of failure)
Press: ? - help, Shift-Dir - straight line, f/p - kobold
Aim: a kobold, wielding a +0 short sword (severely wounded, 0% to evade)
The magic dart hits the kobold.
You kill the kobold! 😎 MP[-1]
You lost 1 mp, and now have 1/3 mp.
Casting: Magic Dart (safe; 3% risk of failure)
Confirm with . or Enter, or press ? or * to list all spells.
Aiming: Magic Dart (safe; 3% risk of failure)
Press: ? - help, Shift-Dir - straight line, f - jackal
Aim: a jackal (0% to evade)
The magic dart hits the jackal.
A hobgoblin comes into view. It is wielding a +0 club. 😎 MP[-1]
You lost 1 mp, and now have 0/3 mp.
Casting: Magic Dart (safe; 3% risk of failure)
Confirm with . or Enter, or press ? or * to list all spells.
You don't have enough magic to cast that spell.
Casting: Magic Dart (safe; 3% risk of failure)
Confirm with . or Enter, or press ? or * to list all spells.
You don't have enough magic to cast that spell.
You barely miss the jackal. The jackal closely misses you.
A jackal comes into view.
The jackal misses you.
You barely miss the jackal. You hit the jackal.
You kill the jackal!
The jackal bites you. 😕 HP[-1]
You now have 14 max hp (+1).
You hit the jackal but do no damage. The jackal barely misses you.
You closely miss the jackal. The jackal bites you. 😕 HP[-1]
You take 1 damage, and now have 11/14 hp. 😕 MP[+1]
The jackal bites you. 😮 HP[-1]
You take 1 damage, and now have 10/14 hp.
You closely miss the jackal. The jackal bites you. x2
* * * LOW HITPOINT WARNING * * *
😨 HP[-3]
You take 3 damage, and now have 7/14 hp.
MASSIVE DAMAGE!! (PAUSE)
Casting: Magic Dart (safe; 3% risk of failure)
Confirm with . or Enter, or press ? or * to list all spells.
Aiming: Magic Dart (safe; 3% risk of failure)
Press: ? - help, Shift-Dir - straight line, f - jackal
Aim: a jackal (0% to evade)
The magic dart hits the jackal.
You kill the jackal! 😨 MP[-1]
You lost 1 mp, and now have 0/3 mp.
You barely miss the jackal. The jackal bites you.
* * * LOW HITPOINT WARNING * * *
The jackal closely misses you. 😨 HP[-3]
You take 3 damage, and now have 4/14 hp.
MASSIVE DAMAGE!! (PAUSE)
You closely miss the jackal. The jackal barely misses you.
The jackal bites you but does no damage.
You hit the jackal but do no damage. The jackal barely misses you.
You hit the jackal. The jackal bites you.
* * * LOW HITPOINT WARNING * * *
The jackal bites you but does no damage. 😱 HP[-3]
You take 3 damage, and now have 1/14 hp.
MASSIVE DAMAGE!! (PAUSE)
You closely miss the jackal. The jackal barely misses you. x2
You closely miss the jackal. The jackal bites you.
You die...

Action                   || total
-------------------------++-------
Melee: Short sword       ||    12
 Cast: Magic Dart        ||     7
Armor: Robe              ||     2
Dodge: Dodged            ||     8

Levels and vault maps discovered:
D:1:      saegor_arrival_simple_e, layout_basic, chequers_jeans

Notes
Turn   | Place    | Note
-------+----------+-------------------------------------------
     0 | D:1      | phalm the Demonspawn Conjurer began the quest for the Orb.
     0 | D:1      | Reached XP level 1. HP: 13/13 MP: 3/3
     0 | D:1      | magus.rc [v1.9.10]
   173 | D:1      | HP: 1/14 [jackal (3)]
   176 | D:1      | Slain by a jackal

Vanquished Creatures
  A goblin (D:1)
  2 jackals (D:1)
  2 kobolds (D:1)
  A frilled lizard (D:1)
6 creatures vanquished.

Table legend:
 A = Non-vault XP
 B = Vault XP
 C = Vault XP percentage of total XP
 D = Non-vault monster count
 E = Vault monster count
 F = Vault count percentage of total count
                 A         B        C        D         E       F
            +---------+---------+-------+---------+---------+-------
      Total |      10 |       0 |   0.0 |       6 |       0 |   0.0
            +---------+---------+-------+---------+---------+-------
        D:1 |      10 |       0 |   0.0 |       6 |       0 |   0.0
            +---------+---------+-------+---------+---------+-------

Illustrated notes

Table legend:
 A = Kills in this place as a percentage of kills in entire the game.
 B = Kills by you in this place as a percentage of kills by you in the entire game.
 C = Kills by friends in this place as a percentage of kills by friends in the entire game.
 D = Other kills in this place as a percentage of other kills in the entire game.
 E = Experience gained in this place as a percentage of experience gained in the entire game.
 F = Experience gained in this place divided by the number of levels of this place that you have seen.
                   A       B       C       D       E      F
               +-------+-------+-------+-------+-------+----------------------
         Total | 100.0 | 100.0 |   N/A |   N/A | 100.0 |  10.0
       Dungeon | 100.0 | 100.0 |   N/A |   N/A | 100.0 |  10.0
               +-------+-------+-------+-------+-------+----------------------

Table legend: (Time is in decaauts)
 A = Elapsed time spent in this place.
 B = Non-inter-level travel time spent in this place.
 C = Inter-level travel time spent in this place.
 D = Time resting spent in this place.
 E = Time spent auto-exploring this place.
 F = Levels seen in this place.
 G = Mean time per level.
                   A        B        C        D        E       F      G
               +--------+--------+--------+--------+--------+-----+--------+
         Total |    176 |    176 |      0 |      0 |    138 |   1 |  176.0 |
       Dungeon |    176 |    176 |      0 |      0 |    138 |   1 |  176.0 |
               +--------+--------+--------+--------+--------+-----+--------+

Top non-repeatable levels by time:
     D:1: 176 daAuts
